 Dungeon Crawl Stone Soup version 0.31.0-2-g5a2aebc5c2 (webtiles) character file.

Game seed: 5872047435106697180

104148 BeingJoeMalik the Severer (level 16, -17/106 HPs)
             Began as a Tengu Gladiator on Jan 20, 2024.
             Was the Champion of Dithmenos.
             Killed from afar by Azrael (41 damage)
             ... with a fireball
             ... on level 1 of the Spider Nest.
             The game lasted 01:26:10 (22299 turns).

BeingJoeMalik the Severer (Tengu Gladiator)        Turns: 22299, Time: 01:26:10

Health: -17/106    AC: 17    Str: 22    XL:     16   Next: 37%
Magic:  30/30      EV: 31    Int:  9    God:    Dithmenos [******]
Gold:   2017       SH:  0    Dex: 15    Spells: 14/15 levels left

rFire   . . .        p - +6 hand axe "Cokeas Ped" {spect, rC+ Int+3}
rCold   + + +        (no shield)
rNeg    . . .        v - +0 chain mail of the Bull {+Blink rElec rCorr Int-5}
rPois   +            c - +1 hat
rElec   +            s - +0 cloak
rCorr   +            K - +0 pair of gloves {Str+3}
SInv    .            (boots unavailable)
Will    ++++.        E - amulet of regeneration
Stlth   +++          n - ring "Iniud" {rC+ MP+9 Str+2 Slay+3}
HPRegen 1.17/turn    I - ring "Usokh" {rPois rC+ Will+++ Dex-4 Slay+2}
MPRegen 0.22/turn

%: acrobat
@: acrobatic, flying, wreathed by umbra
A: beak, talons 3, evasive flight, acrobatic
a: Renounce Religion, Evoke Blink, Shadow Step, Shadow Form


You were on level 1 of the Spider Nest.
You worshipped Dithmenos.
Dithmenos was exalted by your worship.
You visited 6 branches of the dungeon, and saw 25 of its levels.
You also visited: Gauntlet and Volcano.

You collected 2437 gold pieces.
You spent 420 gold pieces at shops.

Inventory:

Hand Weapons
 a - a +1 heavy demon whip
 p - the +6 hand axe "Cokeas Ped" (weapon) {spect, rC+ Int+3}
   (You found it on level 2 of the Dungeon)

   Int+3:     It affects your intelligence (+3).
   rC+:       It protects you from cold.
 F - a +4 eveningstar of flaming
Missiles
 e - 18 javelins
 g - 17 poisoned darts (quivered)
Armour
 c - a +1 hat (worn)
 d - a +0 pair of gloves of stealth
 k - the +2 leather armour "Kyovogih" {Will+}
   (You found it on level 2 of the Dungeon)

   Will+:     It increases your willpower.
 s - a +0 cloak (worn)
 v - the +0 chain mail of the Bull (worn) {+Blink rElec rCorr Int-5}
   (You found it on level 3 of the Dungeon)

   Int-5:     It affects your intelligence (-5).
   rElec:     It insulates you from electricity.
   +Blink:    It lets you blink.
   rCorr:     It protects you from acid and corrosion.
 K - a +0 pair of gloves of strength (worn)
 X - a +0 kite shield of reflection
Jewellery
 i - a +6 ring of strength
 n - the ring "Iniud" (left hand) {rC+ MP+9 Str+2 Slay+3}
   (You found it in a Gauntlet)

   [ring of magical power]

   Str+2:     It affects your strength (+2).
   Slay+3:    It affects your accuracy & damage with ranged weapons and melee
   (+3).
   rC+:       It protects you from cold.
   MP+9:      It affects your magic capacity (+9).
 E - an amulet of regeneration (around neck)
 I - the ring "Usokh" (right hand) {rPois rC+ Will+++ Dex-4 Slay+2}
   (You acquired it on level 1 of the Lair of Beasts)

   [ring of poison resistance]

   Dex-4:     It affects your dexterity (-4).
   Slay+2:    It affects your accuracy & damage with ranged weapons and melee
   (+2).
   rC+:       It protects you from cold.
   rPois:     It protects you from poison Will+++: It greatly increases your
   willpower.
 V - a ring of protection from fire
Wands
 f - a wand of digging (11)
 l - a wand of flame (73)
 o - a wand of iceblast (31)
 y - a wand of paralysis (34)
 G - a wand of light (4)
 N - a wand of polymorph (2)
Scrolls
 b - a scroll of revelation
 m - a scroll of acquirement
 r - 5 scrolls of fear
 C - 6 scrolls of teleportation
 J - 4 scrolls of amnesia
 M - 4 scrolls of fog
 O - 5 scrolls of identify
 Q - 2 scrolls of brand weapon
 R - 9 scrolls of blinking
 S - 2 scrolls of vulnerability
 T - 2 scrolls of enchant armour
Potions
 h - 2 potions of enlightenment
 j - a potion of magic
 q - 12 potions of curing
 t - 5 potions of lignification
 w - 7 potions of brilliance
 x - a potion of resistance
 A - 3 potions of berserk rage
 B - 2 potions of heal wounds
 D - a potion of mutation
 L - 3 potions of cancellation
 P - 2 potions of haste
 U - a potion of ambrosia
 W - 2 potions of might


   Skills:
 + Level 14.2 Fighting
 - Level 17.4(18.2) Axes
 * Level 7.2(13.4) Maces & Flails
 - Level 4.7(12.3) Polearms
 - Level 2.0 Throwing
 + Level 14.6 Armour
 + Level 7.4 Dodging
 - Level 10.0 Stealth
 * Level 6.1 Invocations


You had 14 spell levels left.
You knew the following spells:

 Your Spells              Type           Power      Damage    Failure   Level
a - Necrotise             Necr           0%         1d4       85%         1

Your spell library contained the following spells:

 Spells                   Type           Power      Damage    Failure   Level
 Magic Dart               Conj           0%         1d3       85%         1
 Blink                    Tloc           0%         N/A       94%         2
 Call Imp                 Summ           0%         N/A       94%         2
 Cigotuvi's Dreadful Rot  Necr/Alch/Air  0%         N/A       94%         2
 Jinxbite                 Hex            0%         N/A       94%         2
 Lesser Beckoning         Tloc           0%         N/A       94%         2
 Dazzling Flash           Conj/Hex       0%         N/A       99%         3
 Fugue of the Fallen      Necr           0%         N/A       99%         3
 Gell's Gravitas          Tloc           0%         N/A       99%         3
 Ozocubu's Armour         Ice            0%         N/A       99%         3
 Teleport Other           Tloc           0%         N/A       99%         3
 Vampiric Draining        Necr           0%         2d6       99%         3
 Volatile Blastmotes      Fire/Tloc      0%         2d10      99%         3
 Ignite Poison            Fire/Alch      0%         N/A       100%        4
 Manifold Assault         Tloc           0%         N/A       100%        4
 Martyr's Knell           Necr/Summ      0%         N/A       100%        4
 Curse of Agony           Necr           0%         N/A       100%        5
 Freezing Cloud           Conj/Ice/Air   0%         6-21      100%        5
 Yara's Violent Unravell  Hex/Alch       0%         3d3       100%        5
 Starburst                Conj/Fire      0%         6d3       100%        6
 Enfeeble                 Hex            0%         N/A       100%        7
 Maxwell's Capacitive Co  Air            0%         ∞         100%        8


Dungeon Overview and Level Annotations

Branches:
Dungeon (14/15)            Temple (1/1) D:4            Lair (5/5) D:9
  Swamp (2/4) Lair:3       Spider (1/4) Lair:2        Slime (0/5) Lair:4
    Orc (2/2) D:10            Elf (0/3) Orc:2        Vaults (0/5) D:13
Volcano (visited)         Gauntlet (visited)

Altars:
Ashenzari
Cheibriados
Dithmenos
Elyvilon
Fedhas
Gozag
Hepliaklqana
Kikubaaqudgha
Makhleb
Nemelex Xobeh
Okawaru
Qazlal
Ru
Sif Muna
Trog
Uskayaw
Vehumet
Wu Jian
Xom
Yredelemnul
Zin
The Shining One
Jiyva

Shops:
D:1 [   D:5 (   D:11 =   Orc:2 (?=*

Portals:
Abyss: D:14
Pandemonium: Orc:2

Annotations:
D:14 2 transporters
Lair:1 3 runed translucent doors, Arctor's ghost, novice KoHs
Spider:1 Azrael


Innate Abilities, Weirdness & Mutations

You have a beak for a mouth.
You have claws for feet.
Your magical flight helps you evade attacks. (EV +4)
You can magically evade attacks while moving or waiting.


Message History

Your shadow hits the culicivora with a hand axe.
Your +6 hand axe "Cokeas Ped" {spect, rC+ Int+3} closely misses the hell hound.
The culicivora bites you.
The culicivora draws strength from your injuries!
The hell hound barely misses your +6 hand axe "Cokeas Ped" {spect, rC+ Int+3}.
You slash the culicivora!
You kill the culicivora!
Dithmenos accepts your kill.
You closely miss the hell hound.
Your +6 hand axe "Cokeas Ped" {spect, rC+ Int+3} hits the hell hound but does no damage.
Unknown command.
You slice the hell hound!!
You kill the hell hound!
Dithmenos accepts your kill.
Your +6 hand axe "Cokeas Ped" {spect, rC+ Int+3} disappears.
Unknown command.
You miss the hell hound.
Your +6 hand axe "Cokeas Ped" {spect, rC+ Int+3} hits the hell hound!
The hell hound bites you.
Unknown command.
You closely miss the hell hound. You claw the hell hound!
Your peck misses the hell hound.
The hell hound is almost dead.
Your +6 hand axe "Cokeas Ped" {spect, rC+ Int+3} hits the hell hound.
You kill the hell hound!
Dithmenos accepts your kill. Azrael gestures at you.
The sphere of damnation explodes!
The damnation engulfs you!!
* * * LOW HITPOINT WARNING * * *
The damnation engulfs your +6 hand axe "Cokeas Ped" {spect, rC+ Int+3}!
Your spectral weapon shares its damage with you!
* * * LOW HITPOINT WARNING * * *
You hear a hideous shriek!
Unknown command.
Unknown command.
You swap places.
Your +6 hand axe "Cokeas Ped" {spect, rC+ Int+3} disappears.
Azrael gestures at you.
The fireball explodes!
The fireball engulfs you!!!
You die...

##.##..............
#..............#...
#..................
##....#.......#.....
#.#...#.....^.^..#..
####..........#....#
##.(....#......^...#
##§§#.§...^.... .
#§§§@R.§#.#...
#####§.......
#..§§§#...#
#...°○(.....
##..°°☼○....
##.°#.☼....
^.°E○.....
.#.......#
.#.h○○E....


You could see Azrael.

Vanquished Creatures
  Kirke (Swamp:1)
  A thorn hunter (Swamp:1)
  Donald (Swamp:1)
  An eleionoma (Swamp:1)
  A bunyip (Swamp:1)
  A minotaur (Gauntlet)
  Snorg (D:12)
  3 hydras
  Fannar (Lair:3)
  2 ghost crabs (Swamp:1)
  2 boulder beetles
  2 ogre magi
  2 alligators (Swamp:1)
  A demonspawn (Orc:2)
  4 two-headed ogres
  A death knight (D:14)
  A centaur warrior (D:13)
  2 tengu warriors (D:14)
  Erica (D:8)
  5 orc high priests (Orc:2)
  Urug (Lair:4)
  6 death yaks
  2 demonic crawlers
  Amaemon (Lair:1)
  A goliath frog (Swamp:1)
  Lodul (D:14)
  2 orb spiders (Spider:1)
  A swamp dragon (Swamp:1)
  A lindwurm (Lair:3)
  2 deep elf archers (Volcano)
  4 orc knights (Orc:2)
  2 bog bodies (Lair:3)
  A deep elf zephyrmancer (D:12)
  7 orc sorcerers (Orc:2)
  9 deep elf pyromancers
  2 ugly things
  5 wolf spiders
  A manticore (D:14)
  A will-o-the-wisp (Swamp:1)
  3 kobold blastminers
  6 elephants
  A guardian serpent (Lair:5)
  7 black mambas
  A rust devil (Orc:2)
  A gargoyle (D:12)
  24 cane toads
  2 orange demons
  A kobold demonologist (D:12)
  2 rime drakes (Lair:1)
  5 komodo dragons
  An unseen horror (D:11)
  2 freezing wraiths (D:14)
  2 tarantellas (Spider:1)
  4 trolls
  4 polar bears
  A wolf spider simulacrum (Gauntlet)
  16 blink frogs
  9 hornets
  A blink frog (shapeshifter) (D:14)
  3 tyrant leeches
  5 dream sheep (Lair:5)
  3 jumping spiders
  4 centaur simulacra
  9 culicivoras
  3 spriggans (Swamp:1)
  A water elemental (D:12)
  A vampire (D:14)
  53 yaks
  A shadow (D:13)
  A wraith (D:14)
  17 wyverns
  A ynoxinul (Orc:2)
  3 wargs (Orc:2)
  Eustachio (D:4)
  8 fire elementals
  4 basilisks
  6 hogs (Swamp:1)
  2 steam dragons (D:7)
  12 redbacks
  Grum (D:8)
  A neqoxec (Orc:2)
  12 vampire mosquitoes
  6 swamp worms
  Edmund (D:6)
  A chaos spawn (Orc:2)
  Duvessa (D:6)
  21 water moccasins
  An acid dragon (D:11)
  8 hell hounds
  An ice beast (D:12)
  2 meliai simulacra (D:12)
  33 orc warriors
  5 swamp drakes
  A laughing skull (D:14)
  16 ogres
  11 wolves
  5 centaurs
  3 kobold brigands
  10 bullfrogs
  3 scorpions
  11 wights
  A burial acolyte (D:6)
  Dowan (D:6)
  3 killer bees (D:9)
  14 howler monkeys
  An electric eel (Lair:3)
  6 bombardier beetles
  7 hounds
  Crazy Yiuf (D:3)
  20 orc priests
  A gnoll bouda (D:8)
  4 iguanas
  Ijyb (D:3)
  Terence (D:3)
  25 orc wizards
  2 hound zombies (D:6)
  22 gnolls
  8 adders
  2 shadow imps (D:6)
  3 white imps
  An adder zombie (D:6)
  2 ribbon worms
  4 dart slugs
  93 orcs
  11 endoplasms
  5 giant cockroaches
  3 gnoll zombies (D:6)
  13 hobgoblins
  6 jackals
  6 quokkas
  4 ball pythons
  9 bats
  2 frilled lizards (D:1)
  12 goblins
  37 kobolds
  A kobold zombie (D:6)
  11 rats
812 creatures vanquished.

Vanquished Creatures (others)
  A swamp worm (Swamp:1)
  8 spectral weapons
9 creatures vanquished.

Grand Total: 821 creatures vanquished

Notes
Turn   | Place    | Note
-------+----------+-------------------------------------------
     0 | D:1      | BeingJoeMalik the Tengu Gladiator began the quest for the
                  | Orb.
     0 | D:1      | Reached XP level 1. HP: 12/12 MP: 2/2
   200 | D:1      | Found Loecs's Armour Emporium.
   215 | D:1      | Reached XP level 2. HP: 17/17 MP: 3/3
   348 | D:1      | Reached XP level 3. HP: 20/21 MP: 4/4
  1056 | D:2      | Identified the +2 leather armour "Kyovogih" {Will+}
  1119 | D:2      | Reached XP level 4. HP: 26/26 MP: 5/5
  1372 | D:2      | Reached skill level 1 in Armour
  1592 | D:2      | Identified the +6 hand axe "Cokeas Ped" {spect, rC+ Int+3}
  1798 | D:2      | Reached XP level 5. HP: 27/30 MP: 6/6
  2276 | D:3      | Found a runed translucent door.
  2277 | D:3      | Noticed Crazy Yiuf
  2286 | D:3      | Killed Crazy Yiuf
  2287 | D:3      | Reached skill level 1 in Axes
  2340 | D:3      | Reached skill level 2 in Axes
  2370 | D:3      | Noticed Terence
  2378 | D:3      | Killed Terence
  2451 | D:3      | You fall into a shaft and drop 1 floor!
  2462 | D:4      | Found a staircase to the Ecumenical Temple.
  2478 | D:4      | Reached skill level 3 in Axes
  2484 | Temple   | Entered the Ecumenical Temple
  2494 | Temple   | Became a worshipper of Dithmenos the Shadowed
  2531 | D:4      | Noticed Eustachio
  2538 | D:3      | Reached XP level 6. HP: 32/35 MP: 7/7
  2566 | D:3      | Found a faded altar of an unknown god.
  2609 | D:4      | Killed Eustachio
  2610 | D:4      | Reached skill level 5 in Axes
  2647 | D:4      | Found a bloodstained altar of Trog.
  2719 | D:4      | Gained mutation: Your magical flight helps you evade
                  | attacks. (EV +4) [Tengu growth]
  2719 | D:4      | Reached XP level 7. HP: 40/40 MP: 8/8
  2726 | D:4      | Reached skill level 6 in Axes
  2832 | D:3      | Reached * piety under Dithmenos
  2856 | D:3      | Identified the +0 chain mail of the Bull {+Blink rElec
                  | rCorr Int-5}
  2949 | D:3      | Noticed Ijyb
  2965 | D:3      | Killed Ijyb
  3190 | D:3      | Found a shimmering blue altar of Sif Muna.
  3203 | D:3      | Found a sacrificial altar of Ru.
  3325 | D:4      | Identified the +10 short sword "Lyurr" {freeze, Int+2}
  3398 | D:4      | Identified the +0 robe of Free Expression {Harm rC+}
  3409 | D:4      | Reached skill level 7 in Axes
  3476 | D:4      | Found a blossoming altar of Fedhas.
  3936 | D:5      | Entered Level 5 of the Dungeon
  3941 | D:5      | Reached skill level 8 in Axes
  3941 | D:5      | Reached XP level 8. HP: 44/44 MP: 9/9
  3968 | D:5      | Found Wuumor's Weapon Boutique.
  4388 | D:5      | Reached ** piety under Dithmenos
  4446 | D:5      | Reached skill level 9 in Axes
  4903 | D:5      | Reached skill level 10 in Axes
  4962 | D:5      | Reached *** piety under Dithmenos
  5338 | D:6      | Reached XP level 9. HP: 47/51 MP: 10/10
  5365 | D:6      | Noticed Edmund
  5373 | D:6      | Reached skill level 11 in Axes
  5381 | D:6      | Killed Edmund
  5435 | D:6      | Noticed Dowan
  5436 | D:6      | Noticed Duvessa
  5461 | D:6      | Killed Duvessa
  5462 | D:6      | Killed Dowan
  5702 | D:6      | Found an ancient bone altar of Kikubaaqudgha.
  5794 | D:6      | Found an iron altar of Okawaru.
  5850 | D:6      | Reached skill level 12 in Axes
  6039 | D:7      | Noticed a hornet
  6045 | D:7      | Killed a hornet
  6248 | D:7      | Reached skill level 5 in Fighting
  6259 | D:7      | Reached skill level 13 in Axes
  6259 | D:7      | Reached XP level 10. HP: 59/59 MP: 11/11
  6297 | D:7      | Reached skill level 1 in Stealth
  6837 | D:8      | Noticed Grum
  6852 | D:8      | Killed Grum
  6973 | D:8      | Reached **** piety under Dithmenos
  7084 | D:8      | Noticed Erica
  7089 | D:8      | Killed Erica
  7090 | D:8      | Reached skill level 14 in Axes
  7491 | D:8      | Found a glowing golden altar of the Shining One.
  7724 | D:9      | Noticed a red ugly thing
  7734 | D:9      | Killed a red ugly thing
  7879 | D:9      | Reached XP level 11. HP: 65/66 MP: 12/12
  7932 | D:9      | Identified the +3 dagger of Patterns {pain, *Noise rN+
                  | Str+3}
  7948 | D:9      | Reached ***** piety under Dithmenos
  8020 | D:9      | Reached skill level 15 in Axes
  8020 | D:9      | Reached skill level 5 in Armour
  8095 | D:9      | Found a stormy altar of Qazlal.
  8408 | D:9      | Found a staircase to the Lair.
  8548 | Lair:1   | Entered Level 1 of the Lair of Beasts
  8550 | Lair:1   | Identified a scroll of acquirement
  8550 | Lair:1   | Acquired the ring "Usokh" {rPois rC+ Will+++ Dex-4 Slay+2}
  8830 | D:1      | Bought a +0 pair of gloves of strength for 149 gold pieces
  9353 | Lair:1   | Found a runed translucent gate.
  9354 | Lair:1   | Found a runed translucent gate.
  9354 | Lair:1   | Found a runed translucent gate.
  9355 | Lair:1   | Noticed Arctor's ghost (novice KoHs)
  9522 | Lair:1   | Noticed Amaemon
  9547 | Lair:1   | Killed Amaemon
  9562 | Lair:1   | You are sucked into a shaft and drop 1 floor!
  9717 | Lair:2   | Found a hole to the Spider Nest.
  9724 | Lair:2   | Reached XP level 12. HP: 62/75 MP: 13/13
  9872 | Lair:2   | Reached skill level 5 in Dodging
  9876 | Lair:2   | Reached skill level 16 in Axes
 10040 | Lair:2   | Reached skill level 5 in Stealth
 10871 | Lair:1   | Found a viscous altar of Jiyva.
 11067 | D:10     | Entered Level 10 of the Dungeon
 11099 | D:10     | Found a staircase to the Orcish Mines.
 11577 | D:10     | Noticed a two-headed ogre
 11581 | D:10     | Killed a two-headed ogre
 11831 | Orc:1    | Entered Level 1 of the Orcish Mines
 11840 | Orc:1    | Reached ****** piety under Dithmenos
 11992 | Orc:2    | Entered Level 2 of the Orcish Mines
 12349 | Orc:1    | Noticed an ogre mage
 12357 | Orc:1    | Killed an ogre mage
 12358 | Orc:1    | Reached skill level 10 in Fighting
 12380 | Orc:1    | Learned a level 1 spell: Necrotise
 12433 | Orc:2    | Reached XP level 13. HP: 67/82 MP: 14/14
 12894 | Orc:2    | Found a staircase to the Elven Halls.
 13202 | Orc:2    | Found Marhu's Magic Scroll Shoppe.
 13204 | Orc:2    | Found Pasaduja's General Store.
 13211 | Orc:2    | Reached skill level 10 in Armour
 13481 | Orc:2    | Bought a potion of curing for 33 gold pieces
 13481 | Orc:2    | Bought a scroll of fog for 44 gold pieces
 13483 | Orc:2    | Bought a scroll of blinking for 97 gold pieces
 13483 | Orc:2    | Bought a scroll of revelation for 97 gold pieces
 13603 | Orc:2    | Reached skill level 17 in Axes
 13768 | Orc:2    | Found Goonoxt's Antique Weapon Shop.
 13768 | Orc:2    | Found Jywulaocw's Jewellery Boutique.
 13768 | Orc:2    | Found a one-way gate leading to the halls of Pandemonium.
 14011 | D:11     | Reached XP level 14. HP: 89/90 MP: 15/15
 14174 | D:11     | Found a gate leading to a gauntlet.
 14179 | D:11     | Found Joic's Jewellery Shoppe.
 14197 | Gauntlet | Entered a Gauntlet
 14197 | Gauntlet | Found a transporter.
 14200 | Gauntlet | Found a transporter.
 14201 | Gauntlet | Found a runed translucent door.
 14216 | Gauntlet | Found a transporter.
 14219 | Gauntlet | Found a runed translucent door.
 14220 | Gauntlet | Found a transporter.
 14230 | Gauntlet | Found a transporter.
 14248 | Gauntlet | Found a runed translucent door.
 14250 | Gauntlet | Found a transporter.
 14254 | Gauntlet | Found a runed translucent door.
 14256 | Gauntlet | Found a transporter.
 14260 | Gauntlet | Found a transporter.
 14290 | Gauntlet | Noticed a reaper
 14293 | Gauntlet | Found a transporter.
 14298 | Gauntlet | Found a transporter.
 14302 | Gauntlet | Found a transporter.
 14314 | Gauntlet | Found a transporter.
 14392 | Gauntlet | Identified the ring "Iniud" {rC+ MP+9 Str+2 Slay+3}
 14419 | Gauntlet | Identified the amulet "Asuplynny" {RegenMP ^Fragile rElec
                  | Str+6}
 15213 | D:12     | Noticed Snorg
 15227 | D:12     | Killed Snorg
 15894 | D:13     | Reached skill level 1 in Maces & Flails
 15961 | D:13     | Found a gate to the Vaults.
 16172 | D:13     | Reached skill level 1 in Invocations
 16439 | D:14     | Noticed Lodul
 16762 | D:14     | Killed Lodul
 16783 | D:14     | Found a transporter.
 16828 | D:14     | Found a one-way gate to the infinite horrors of the Abyss.
 16843 | D:14     | Found a transporter.
 17417 | Lair:3   | Noticed Fannar
 17430 | Lair:3   | Killed Fannar
 17453 | Lair:3   | Found a dark tunnel.
 17472 | Volcano  | Entered a volcano
 17759 | Volcano  | Reached XP level 15. HP: 92/97 MP: 18/18
 18366 | Lair:3   | Found a staircase to the Swamp.
 18378 | Swamp:1  | Entered Level 1 of the Swamp
 18378 | Swamp:1  | Noticed a thorn hunter
 18707 | Lair:4   | Noticed Urug
 18717 | Lair:4   | Killed Urug
 18835 | Lair:4   | Found a viscous altar of Jiyva.
 18835 | Lair:4   | Found a staircase to the Slime Pits.
 19137 | Lair:4   | Identified the +2 robe of Privacy {Str+3}
 19457 | Lair:5   | Entered Level 5 of the Lair of Beasts
 19576 | Lair:5   | Reached skill level 10 in Stealth
 19682 | Lair:4   | Reached skill level 5 in Maces & Flails
 20503 | Lair:5   | Reached skill level 5 in Invocations
 20966 | Swamp:1  | Killed a thorn hunter
 21173 | Swamp:1  | Noticed Donald
 21200 | Swamp:1  | HP: 4/98 [Donald/+0 double sword (31)]
 21203 | Swamp:1  | Killed Donald
 21345 | Swamp:1  | Reached XP level 16. HP: 95/104 MP: 21/21
 21412 | Swamp:1  | Noticed Kirke
 21440 | Swamp:1  | Killed Kirke
 21896 | Spider:1 | Entered Level 1 of the Spider Nest
 21995 | Lair:2   | HP: 3/106 [boulder beetle (35)]
 22277 | Spider:1 | Noticed Azrael
 22299 | Spider:1 | Killed from afar by Azrael

Illustrated notes

Levels and vault maps discovered:
D:1:      minmay_arrival_hallway, layout_loops_ring, serial_shops, shop,
          st_stairs_12, minmay_misc_feat_rugged,
          wander_ebering_terrifying_dragon_lair
D:2:      layout_basic, small_statue_intersection
D:3:      layout_basic, minitemple, shapermc_ecumenical_altar_starsandcircs,
          uniq_crazy_yiuf_cottage, uniq_terence, uniq_ijyb
D:4:      layout_loops_ring, lightli_temple_of_fire, fedhas_ov_isle_minmay,
          minmay_temple_entry_mini_moons, nrook_loot_triangle, st_stairs_4,
          minmay_vboxes, uniq_eustachio
D:5:      minmay_goblin_kobold_castle, layout_basic, serial_shops,
          nicolae_shop_tiny_statue_garden
D:6:      layout_cave_pools, okawaru_altar_gauntlet_db,
          regret_index_kikubaaqudgha_part_by_part, minmay_splitting_lines,
          uniq_edmund, uniq_duvessa
D:7:      layout_basic
D:8:      layout_gridville, lemuel_coloured_pillars_altar, uniq_erica, uniq_grum
D:9:      layout_long_grid, general_overflow_altar, erik_lair_dragon,
          kb_lookout_dungeons_type
D:10:     layout_irregular_city, david_orc_3, minivault_10,
          nicolae_twisty_statue_hallways
D:11:     layout_loops_ring, serial_shops, shop, gauntlet_entry_generic
D:12:     layout_long_grid, serial_ice, serial_ice_m, serial_ice_a,
          serial_ice_o, serial_ice_l, uniq_snorg
D:13:     layout_loops_ring, david_vaults_2
D:14:     layout_loops_ring, gammafunk_ghost_abyssal_escape, minmay_misc_feat_x,
          minmay_quadrilaterals, uniq_lodul
Temple:   nicolae_temple_two_arcs
Lair:1:   layout_loops_ring, portal_ice_cave_rime, gammafunk_ghost_ooze,
          uniq_amaemon
Lair:2:   layout_regular_city, spider_nest_entry_rubble
Lair:3:   layout_gridlike, nicolae_swamp_entry_splash_gauntlet, enter_volcano_2,
          uniq_fannar
Lair:4:   layout_loops_ring, dpeg_slime_entry_corner, uniq_urug
Lair:5:   hangedman_lair_tendril_chambers, layout_gridlike
Swamp:1:  layout_basic_swamp, evilmike_swamp_ruin_house_4, swamp_pool_5,
          uniq_kirke, uniq_donald
Swamp:2:  layout_basic_swamp, nicolae_swamp_oxbows, nzn_swamp_weyward_sisters
Spider:1: layout_spider_delve, uniq_azrael
Orc:1:    layout_caves, mines4_lemuel
Orc:2:    pf_orc_diabolical, layout_diamond_mine

Skill      XL: |  1  2  3  4  5  6  7  8  9 10 11 12 13 14 15 16 |
---------------+-------------------------------------------------+-----
Polearms       | 4 |  4.7
Dodging        | 4 5 6 7 |  7.4
Armour         | 1 4 7 9 11 12 14 | 14.6
Axes           | 3 5 8 10 13 14 15 16 17 | 17.4
Fighting       | 3 5 6 8 10 11 12 13 14 | 14.2
Stealth        | 1 3 5 7 9 10 | 10.0
Maces & Flails | 3 6 7 |  7.2
Invocations    | 3 5 6 |  6.1
Throwing       | |  2.0

Action                     |  1- 3 |  4- 6 |  7- 9 | 10-12 | 13-15 | 16-18 || total
---------------------------+-------+-------+-------+-------+-------+-------++-------
  Melee: Trident           |    96 |    27 |       |       |       |       ||   123
         Kick              |     9 |    26 |    71 |   150 |   317 |    55 ||   628
         Peck              |     7 |    11 |    35 |    94 |   190 |    37 ||   374
         Hand axe          |       |    62 |   244 |   400 |   753 |   122 ||  1581
         Punch             |       |       |     3 |     5 |    16 |       ||    24
         Demon whip        |       |       |       |       |     8 |       ||     8
  Throw: Dart              |       |     8 |    21 |    25 |    33 |    11 ||    98
         Throwing net      |       |     4 |       |       |     1 |       ||     5
  Evoke: Wand              |       |     2 |       |       |     1 |       ||     3
    Use: Scroll            |       |       |    14 |    11 |    11 |       ||    36
         Potion            |       |       |     1 |     2 |     2 |     1 ||     6
   Stab: Sleeping          |     1 |     4 |     2 |       |     6 |     2 ||    15
         Distracted        |     1 |     3 |     2 |     9 |    34 |     3 ||    52
         Held in net/web   |       |     1 |       |       |     1 |       ||     2
         Confused          |       |       |       |       |       |     2 ||     2
 Armour: Leather armour    |    38 |    36 |     5 |       |       |       ||    79
         Chain mail        |       |       |    77 |   107 |   297 |    56 ||   537
  Dodge: Dodged            |    50 |    40 |   140 |   194 |   397 |    64 ||   885
